 Dungeon Crawl Stone Soup version 0.22-a0-596-gfbd32a6 (webtiles) character file.

67 sking99 the Ruffian (level 3, -13/30 HPs)
             Began as a Draconian Transmuter on July 5, 2018.
             Killed by divine providence
             ... invoked by an orc priest
              (15 damage)
             ... on level 3 of the Dungeon.
             The game lasted 00:05:11 (2929 turns).

sking99 the Ruffian (Draconian Transmuter)          Turns: 2929, Time: 00:05:12

Health: -13/30     AC:  5    Str: 12    XL:     3   Next: 98%
Magic:  4/6        EV: 12    Int: 14    God:
Gold:   105        SH:  0    Dex: 11    Spells: 3/6 levels left

rFire    . . .     SeeInvis .     - Unarmed
rCold    . . .     Gourm    .   (no shield)
rNeg     . . .     Faith    .   (armour unavailable)
rPois    .         Spirit   .   (helmet restricted)
rElec    .         Reflect  .   (no cloak)
rCorr    .         Harm     .   (no gloves)
MR       .....                  (no boots)
Stlth    +.........             (no amulet)
HPRegen  0.10/turn              (no ring)
MPRegen  0.10/turn              (no ring)

@: no status effects
A: unfitting armour, cold-blooded, AC +5
a: no special abilities


You were on level 3 of the Dungeon.
You were not hungry.

You visited 1 branch of the dungeon, and saw 3 of its levels.

You collected 105 gold pieces.

Inventory:

Missiles
 a - 22 arrows (quivered)
Scrolls
 b - a scroll of remove curse {unknown}
 d - 5 scrolls of identify {unknown}
 e - a scroll of teleportation {unknown}
 g - a scroll of fog {unknown}
 h - a scroll of magic mapping {unknown}
Potions
 f - a potion of agility {unknown}
 j - a potion of invisibility {unknown}
 k - a potion of might {unknown}
Comestibles
 c - 2 rations


   Skills:
 + Level 2.5 Fighting
 - Level 1.7 Dodging
 * Level 4.3 Unarmed Combat
 - Level 2.0 Spellcasting
 - Level 2.0 Transmutations


You had 3 spell levels left.
You knew the following spells:

 Your Spells              Type           Power        Failure   Level  Hunger
a - Beastly Appendage     Tmut           #.....       11%         1    ##.....
b - Sticks to Snakes      Tmut           #.......     16%         2    ###....

Your spell library contained the following spells:

 Spells                   Type           Power        Failure   Level  Hunger
 Spider Form              Tmut/Pois      #.........   43%         3    ####...
 Blade Hands              Tmut           #.........   96%         5    ######.
 Ice Form                 Ice/Tmut       #.......     83%         4    #####..


Dungeon Overview and Level Annotations

Branches:
Dungeon (3/15)

Altars:


Innate Abilities, Weirdness & Mutations

Your plain brown scales are hard. (AC +5)
You cannot fit into any form of body armour.
You are cold-blooded and may be slowed by cold attacks.


Message History

The orc priest misses your ball python.
You hit the orc priest but do no damage.
The orc priest is almost dead.
Your ball python bites the orc priest but does no damage.
Your ball python grabs the orc priest.
Your ball python constricts the orc priest.
The orc misses you.
You hit the orc priest but do no damage.
The orc priest is almost dead.
The orc priest hits you with a whip.
* * * LOW HITPOINT WARNING * * *
Your ball python bites the orc priest.
Your ball python constricts the orc priest.
You hit the orc priest but do no damage.
The orc priest is almost dead.
The orc hits you but does no damage.
The orc priest mumbles some strange prayers to Beogh against you.
Beogh smites you!
Ouch! That really hurt!
You die...

#.############.#####..)...
#.......### #o# ##.####
#######...# #.# #.....
###.# #.# ###### #<# #.# #
#.# ##.## #.###...#
#.o....#.# #@.##.#.##
#o.###.## #.S# ## #...
#.![. #..##. #..# .# #...
.


You could see an orc priest, an orc and a friendly ball python.

Vanquished Creatures
  3 dart slugs
  4 worms
  5 leopard geckos
  6 orcs
  2 bats
  A giant cockroach (D:1)
  4 goblins
  2 jackals (D:1)
  3 frilled lizards
  2 kobolds
  2 rats (D:1)
34 creatures vanquished.

Vanquished Creatures (collateral kills)
  A worm (D:3)
  2 orcs (D:3)
  A rat (D:3)
4 creatures vanquished.

Grand Total: 38 creatures vanquished

Notes
Turn   | Place    | Note
-------+----------+-------------------------------------------
     0 | D:1      | sking99 the Draconian Transmuter began the quest for the Orb.
     0 | D:1      | Reached XP level 1. HP: 16/16 MP: 3/3
   327 | D:1      | Reached XP level 2. HP: 19/23 MP: 5/5
  1152 | D:2      | HP: 1/24 [worm (11)]
  1485 | D:2      | Reached XP level 3. HP: 13/29 MP: 6/6
  1648 | D:2      | Learned a level 2 spell: Sticks to Snakes
  2035 | D:2      | Reached skill level 4 in Unarmed Combat
  2929 | D:3      | Killed from afar by an orc priest

Vault maps used:
D:1:      dpeg_arrival_brainrot

Skill      XL: |  1  2  3 |
---------------+----------+-----
Fighting       | 2 |  2.5
Unarmed Combat | 4 |  4.3
Dodging        | |  1.7
Spellcasting   | |  2.0
Transmutations | |  2.0

Action                   || total
-------------------------++-------
Melee: Unarmed           ||   184
       Tailslap          ||    18
       Kick              ||     5
       Punch             ||     3
       Headbutt          ||     1
 Cast: Beastly Appendage ||    10
       Sticks to Snakes  ||     8
 Stab: Distracted        ||     1
  Eat: Chunk             ||     5
       Ration            ||     1
Armor: Skin              ||    43
Dodge: Dodged            ||   120

Table legend:
 A = Spawn XP
 B = Non-spawn XP
 C = Spawn XP percentage of total XP
 D = Spawn monster count
 E = Non-spawn monster count
 F = Spawn count percentage of total count
 G = Total turns spent on level
                    A         B        C        D         E        F      G
               +---------+---------+-------+---------+---------+-------+---------
         Total |       0 |      96 |   0.0 |       0 |      38 |   0.0 |  2929
               +---------+---------+-------+---------+---------+-------+---------
           D:1 |       0 |      27 |   0.0 |       0 |      12 |   0.0 |  1263
           D:2 |       0 |      36 |   0.0 |       0 |      13 |   0.0 |  1268
           D:3 |       0 |      33 |   0.0 |       0 |      13 |   0.0 |   398
               +---------+---------+-------+---------+---------+-------+---------
